 Dungeon Crawl Stone Soup version 0.27.0-1-g7a089689b8 (webtiles) character file.

Game seed: 17766862952963253990

5 MajorAdolf the Skirmisher (level 1, 21/21 HPs)
             Began as a Naga Wanderer on Aug 8, 2021.
             Quit the game on level 1 of the Dungeon.
             The game lasted 00:00:21 (457 turns).

MajorAdolf the Skirmisher (Naga Wanderer)            Turns: 457, Time: 00:00:21

Health: 21/21      AC:  1    Str: 14    XL:     1   Next: 80%
Magic:  1/1        EV: 10    Int: 10    God:
Gold:   22         SH:  0    Dex: 12    Spells: 0/0 levels left

rFire    . . .     SeeInvis +   a - +0 falchion
rCold    . . .     Faith    .   (no shield)
rNeg     . . .     Spirit   .   d - +0 robe
rPois    +         Reflect  .   (no helmet)
rElec    .         Harm     .   (no cloak)
rCorr    .         Rampage  .   (no gloves)
Will     .....                  (no barding)
Stlth    ++........             (no amulet)
HPRegen  0.07/turn              (no ring)
MPRegen  0.07/turn              (no ring)

@: very slow
A: AC +0, large, see invisible, deformed body, poison resistance, slowness 2,
spit poison 1, naga tail 1
a: Spit Poison


You were on level 1 of the Dungeon.
You visited 1 branch of the dungeon, and saw 1 of its levels.

You collected 22 gold pieces.

Inventory:

Hand Weapons
 a - a +0 falchion (weapon)
 e - a +0 dagger
Armour
 d - a +0 robe (worn)
Wands
 b - a wand of paralysis (15) (quivered)
Scrolls
 f - a scroll of identify {unknown}
Potions
 c - a potion of lignification


   Skills:
 + Level 3.4 Fighting
 + Level 1.0 Long Blades
 + Level 1.5 Dodging
 + Level 3.0 Stealth
 + Level 1.0 Shields
 + Level 1.0 Evocations


You couldn't memorise any spells.
You didn't know any spells.
Your spell library was empty.

Dungeon Overview and Level Annotations

Branches:
Dungeon (1/15)

Altars:


Innate Abilities, Weirdness & Mutations

Your serpentine skin is tough. (AC +0)
You have supernaturally acute eyesight. (SInv)
Armour fits poorly on your strangely shaped body.
Your system is resistant to poisons. (rPois)
You cover ground very slowly.
You can spit poison.
You have a snake-like lower body.


Message History

An endoplasm is nearby!
An endoplasm is nearby!
An endoplasm is nearby!
The endoplasm freezes you.
You are frozen.
You hit the endoplasm.
You kill the endoplasm!
No target in view!
No target in view!
No target in view!
No target in view!
No target in view!
No target in view!
No target in view!
No target in view!
HP restored.
You open the door.
There is an open door here.
You open the door.
There is an open door here.
A kobold comes into view. It is wielding a +0 dagger.
A kobold is nearby!
A kobold is nearby!
The helpless kobold fails to defend itself.
You hit the kobold but do no damage.
The kobold hits you with a +0 dagger. x2
You closely miss the kobold. The kobold hits you with a +0 dagger.
A kobold is nearby!
A kobold is nearby!
You hit the kobold.
The kobold is heavily wounded.
The kobold hits you but does no damage.
You hit the kobold.
You kill the kobold!
Things that are here:
a +0 dagger; a kobold corpse A giant cockroach comes into view.
A giant cockroach is nearby!
A giant cockroach is nearby!
A giant cockroach is nearby!
Are you sure you want to abandon this character and quit the game? (Confirm with "yes".)

..###. .B...# ###
#....# .... ##....#
.....# .....+
.....# ###....#
...... #......#
...... #...@..# #+#
####.. #....### #.#
...... #..).#
###.######.. ###..#
#..<..# ##.
##.#######.########
#.+.............+.
#.####.#####.####.
#...##.#####.##...
###.'.........'.##


You could see a giant cockroach.

Vanquished Creatures
  A ball python (D:1)
  An endoplasm (D:1)
  A kobold (D:1)
  A bat (D:1)
  A rat (D:1)
5 creatures vanquished.

Notes
Turn   | Place    | Note
-------+----------+-------------------------------------------
     0 | D:1      | MajorAdolf the Naga Wanderer began the quest for the Orb.
     0 | D:1      | MajorAdolf set off with the following items: a +0 falchion,
                  | a wand of paralysis (15), a potion of lignification, a +0
                  | robe, a +0 dagger
     0 | D:1      | Reached XP level 1. HP: 21/21 MP: 1/1
   457 | D:1      | Quit the game

Illustrated notes

Levels and vault maps discovered:
D:1:      shiori_shiawase, layout_basic, shapermc_ecumenical_altar_acropolis,
          minmay_misc_feat_diagonals, minmay_tetromino_l4

Action                   || total
-------------------------++-------
Melee: Falchion          ||    12
 Abil: Spit Poison       ||     1
 Stab: Sleeping          ||     1
Armor: Robe              ||     2
Dodge: Dodged            ||     8
       Rpst.: Falchion   ||     3
